3AA
YAKIMA HOPS @ IRVING BLUE SOX
09/04/2042
 
TOP OF THE 1ST
Yakima Hops batting - Pitching for Irving Blue Sox : RHP Jim Porter
Pitching: RHP Jim Porter
Batting: LHB Alfredo Pliego 0-0: Fly out, F7 (Line Drive, 7S, EV 101.9 MPH)
Batting: LHB Daniel MacBrayne 0-0: Fly out, F8 (Flyball, 8RD, EV 94.4 MPH)
Batting: RHB Miguel Angel Criado 0-0: Fly out, F4 (Popup, 4S, EV 70.6 MPH)
Top of the 1st over - 0 runs, 0 hits, 0 errors, 0 left on base; Yakima 0 - Irving 0
BOTTOM OF THE 1ST
Irving Blue Sox batting - Pitching for Yakima Hops : RHP Ernesto Morín
Pitching: RHP Ernesto Morín
Batting: LHB Nathan Shallcross 0-0: Ground out 6-3 (Groundball, 6, EV 80.6 MPH)
Batting: RHB Gabriel De La Garza 0-0: Ball
1-0: Foul Ball, location: 2F
1-1: Foul Ball, location: 2F
1-2: Ball
2-2: Ball
3-2: Foul Ball, location: 2F
3-2: Strikes out swinging, 2-3 out at first.
Batting: RHB Julian Lemur 0-0: Ball
1-0: TRIPLE (Flyball, 89XD, EV 93.1 MPH)
Batting: RHB Bob Hill 0-0: Ball
1-0: Foul Ball, location: 2F
1-1: Ground out 5-3 (Groundball, 56, EV 110.0 MPH)
Bottom of the 1st over - 0 runs, 1 hit, 0 errors, 1 left on base; Yakima 0 - Irving 0
TOP OF THE 2ND
Yakima Hops batting - Pitching for Irving Blue Sox : RHP Jim Porter
Batting: LHB Richard Beagle 0-0: Foul Ball, location: 2F
0-1: Ball
1-1: Ball
2-1: Swinging Strike
2-2: Foul Ball, location: 2F
2-2: Ball
3-2: Ground out 4-3 (Groundball, 4, EV 104.4 MPH)
Batting: LHB Richard Barlow 0-0: Called Strike
0-1: Foul Ball, location: 2F
0-2: Foul Ball, location: 2F
0-2: Ball
1-2: Foul Ball, location: 2F
1-2: Ground out 1-3 (Groundball, 25, EV 88.8 MPH)
Batting: LHB Kyung-ryul Kim 0-0: Ball
1-0: Ball
2-0: Called Strike
2-1: Foul Ball, location: 2F
2-2: Strikes out swinging
Top of the 2nd over - 0 runs, 0 hits, 0 errors, 0 left on base; Yakima 0 - Irving 0
BOTTOM OF THE 2ND
Irving Blue Sox batting - Pitching for Yakima Hops : RHP Ernesto Morín
Batting: LHB Rick Newell 0-0: SINGLE (Line Drive, 8RS, EV 108.8 MPH)
Batting: RHB Rubén Plumey 0-0: Ball
1-0: DOUBLE (Groundball, 3L, EV 103.8 MPH)
Rick Newell to third
Batting: SHB Christopher Tracy 0-0: Ball
1-0: SINGLE (Line Drive, 89M, EV 109.4 MPH)
Rick Newell scores
Rubén Plumey to third
Batting: RHB Martín Muńóz 0-0: Ball
1-0: Ball
2-0: Fly out, F7 (Flyball, 7LS, EV 94.4 MPH)
Runner from 3rd tags up, SCORES, no throw by LF
Batting: SHB Alejandro De La Cerdo 0-0: Swinging Strike
0-1: Called Strike
0-2: Strikes out swinging
Batting: LHB Nathan Shallcross 0-0: Foul Ball, location: 2F
0-1: Foul Ball, location: 2F
0-2: Foul Ball, location: 2F
0-2: Ball
1-2: SINGLE (Line Drive, 4MD, EV 95.6 MPH)
Christopher Tracy to second
Runner from 2nd tries for 3rd, SAFE, throw by CF made to third
Batting: RHB Gabriel De La Garza 0-0: Ball
1-0: 3-RUN HOME RUN (Flyball, 7D, EV 91.9 MPH), Distance : 398 ft
Batting: RHB Julian Lemur 0-0: Foul Ball, location: 2F
0-1: Called Strike
0-2: Ball
1-2: Foul Ball, location: 2F
1-2: Strikes out swinging
Bottom of the 2nd over - 5 runs, 5 hits, 0 errors, 0 left on base; Yakima 0 - Irving 5
TOP OF THE 3RD
Yakima Hops batting - Pitching for Irving Blue Sox : RHP Jim Porter
Batting: LHB Damon Cross 0-0: Fly out, F2 (Popup, 2L, EV 90.0 MPH)
Batting: LHB Aubrey Curry 0-0: Foul Ball, location: 2F
0-1: Foul Ball, location: 2F
0-2: Ball
1-2: Ball
2-2: Fly out, F8 (Flyball, 8LD, EV 100.6 MPH)
Batting: RHB Tim Dickson 0-0: Foul Ball, location: 2F
0-1: Swinging Strike
0-2: Foul Ball, location: 2F
0-2: Reached on error, E6 (Groundball, 56, EV 85.0 MPH)
Batting: LHB Alfredo Pliego 0-0: Ball
1-0: Foul Ball, location: 2F
1-1: Ball
2-1: Ball
3-1: Called Strike
3-2: Base on Balls
Batting: LHB Daniel MacBrayne 0-0: Foul Ball, location: 2F
0-1: Foul Ball, location: 2F
0-2: Foul Ball, location: 2F
0-2: Ball
1-2: Ball
2-2: Foul Ball, location: 2F
2-2: Strikes out swinging
Top of the 3rd over - 0 runs, 0 hits, 1 error, 2 left on base; Yakima 0 - Irving 5
BOTTOM OF THE 3RD
Irving Blue Sox batting - Pitching for Yakima Hops : RHP Ernesto Morín
Batting: RHB Bob Hill 0-0: Swinging Strike
0-1: Foul Ball, location: 2F
0-2: Foul Ball, location: 2F
0-2: Foul Ball, location: 2F
0-2: Ball
1-2: Strikes out swinging
Batting: LHB Rick Newell 0-0: Swinging Strike
0-1: Swinging Strike
0-2: Ball
1-2: Ground out 1-3 (Groundball, 15, EV 88.1 MPH)
Batting: RHB Rubén Plumey 0-0: Called Strike
0-1: DOUBLE (Flyball, 89D, EV 91.2 MPH)
Batting: SHB Christopher Tracy 0-0: Foul Ball, location: 2F
0-1: Ball
1-1: DOUBLE (Line Drive, 78D, EV 102.5 MPH)
Rubén Plumey scores
Pitching: RHP Timo Noordam
Batting: RHB Martín Muńóz 0-0: Ball
1-0: Ground out 6-3 (Groundball, 4M, EV 105.0 MPH)
Bottom of the 3rd over - 1 run, 2 hits, 0 errors, 1 left on base; Yakima 0 - Irving 6
TOP OF THE 4TH
Yakima Hops batting - Pitching for Irving Blue Sox : RHP Jim Porter
Batting: RHB Miguel Angel Criado 0-0: DOUBLE (Line Drive, 7LM, EV 105.6 MPH)
Batting: LHB Richard Beagle 0-0: Ball
1-0: Ball
2-0: Ball
3-0: Called Strike
3-1: Foul Ball, location: 2F
3-2: Foul Ball, location: 2F
3-2: Ground out 3-1 (Groundball, 34, EV 85.6 MPH)
Miguel Angel Criado to third
Batting: LHB Richard Barlow 0-0: Fly out, F8 (Line Drive, 8RM, EV 106.2 MPH)
Runner from 3rd tags up, SCORES, throw by CF
Batting: LHB Kyung-ryul Kim 0-0: Swinging Strike
0-1: Swinging Strike
0-2: Foul Ball, location: 2F
0-2: Ball
1-2: Ball
2-2: Foul Ball, location: 2F
2-2: Ball
3-2: Foul Ball, location: 2F
3-2: Strikes out swinging
Top of the 4th over - 1 run, 1 hit, 0 errors, 0 left on base; Yakima 1 - Irving 6
BOTTOM OF THE 4TH
Irving Blue Sox batting - Pitching for Yakima Hops : RHP Timo Noordam
Batting: SHB Alejandro De La Cerdo 0-0: Ball
1-0: SINGLE (Line Drive, 6D, EV 95.0 MPH)
Batting: LHB Nathan Shallcross 0-0: Ball
1-0: Foul Ball, location: 2F
1-1: Ground out 3-1 (Groundball, 3, EV 87.5 MPH)
Alejandro De La Cerdo to second
Batting: RHB Gabriel De La Garza 0-0: Called Strike
0-1: Ball
1-1: Ball
2-1: Called Strike
2-2: Ball
3-2: Foul Ball, location: 2F
3-2: Foul Ball, location: 2F
3-2: Foul Ball, location: 2F
3-2: Strikes out swinging
Batting: RHB Julian Lemur 0-0: Foul Ball, location: 2F
0-1: Ball
1-1: Fly out, F8 (Flyball, 78D, EV 95.0 MPH)
Bottom of the 4th over - 0 runs, 1 hit, 0 errors, 1 left on base; Yakima 1 - Irving 6
TOP OF THE 5TH
Yakima Hops batting - Pitching for Irving Blue Sox : RHP Jim Porter
Batting: LHB Damon Cross 0-0: Called Strike
0-1: Ball
1-1: Ground out U3 (Groundball, 3, EV 83.1 MPH)
Batting: LHB Aubrey Curry 0-0: Ball
1-0: Called Strike
1-1: Foul Ball, location: 2F
1-2: Strikes out swinging
Batting: RHB Tim Dickson 0-0: Ground out 6-3 (Groundball, 56, EV 100.0 MPH)
Top of the 5th over - 0 runs, 0 hits, 0 errors, 0 left on base; Yakima 1 - Irving 6
BOTTOM OF THE 5TH
Irving Blue Sox batting - Pitching for Yakima Hops : RHP Timo Noordam
Batting: RHB Bob Hill 0-0: Ball
1-0: Ball
2-0: Foul Ball, location: 2F
2-1: Called Strike
2-2: Foul Ball, location: 2F
2-2: Foul Ball, location: 2F
2-2: DOUBLE (Line Drive, 5D, EV 96.2 MPH)
Batting: LHB Rick Newell 0-0: Foul Ball, location: 2F
0-1: Ball
1-1: Called Strike
1-2: Ball
2-2: Foul Ball, location: 2F
2-2: Strikes out looking
Batting: RHB Rubén Plumey 0-0: Fly out, F9 (Flyball, 9, EV 97.5 MPH)
Batting: SHB Christopher Tracy 0-0: Called Strike
0-1: Swinging Strike
0-2: Strikes out swinging
Bottom of the 5th over - 0 runs, 1 hit, 0 errors, 1 left on base; Yakima 1 - Irving 6
TOP OF THE 6TH
Yakima Hops batting - Pitching for Irving Blue Sox : RHP Jim Porter
Batting: LHB Alfredo Pliego 0-0: Swinging Strike
0-1: Ball
1-1: Swinging Strike
1-2: Strikes out swinging
Batting: LHB Daniel MacBrayne 0-0: Called Strike
0-1: Fly out, F4 (Popup, 34S, EV 85.6 MPH)
Batting: RHB Miguel Angel Criado 0-0: Ground out 4-3 (Groundball, 4MS, EV 88.1 MPH)
Top of the 6th over - 0 runs, 0 hits, 0 errors, 0 left on base; Yakima 1 - Irving 6
BOTTOM OF THE 6TH
Irving Blue Sox batting - Pitching for Yakima Hops : RHP Timo Noordam
Batting: RHB Martín Muńóz 0-0: Ball
1-0: Fly out, F7 (Flyball, 7LSF, EV 81.2 MPH)
Batting: SHB Alejandro De La Cerdo 0-0: Called Strike
0-1: Ball
1-1: Called Strike
1-2: Ball
2-2: Ground out 5-3 (Groundball, 5, EV 78.1 MPH)
Batting: LHB Nathan Shallcross 0-0: Called Strike
0-1: Ball
1-1: Ball
2-1: Called Strike
2-2: TRIPLE (Line Drive, 89XD, EV 107.5 MPH)
Batting: RHB Gabriel De La Garza 0-0: Called Strike
0-1: SINGLE (Line Drive, 78S, EV 109.4 MPH)
Nathan Shallcross scores
Batting: RHB Julian Lemur 0-0: Called Strike
Gabriel De La Garza steals 2nd base
0-1: Fly out, F8 (Flyball, 8RD, EV 95.6 MPH)
Bottom of the 6th over - 1 run, 2 hits, 0 errors, 1 left on base; Yakima 1 - Irving 7
TOP OF THE 7TH
Yakima Hops batting - Pitching for Irving Blue Sox : RHP Jim Porter
Batting: LHB Richard Beagle 0-0: Ball
1-0: Swinging Strike
1-1: Foul Ball, location: 2F
1-2: Ball
2-2: Strikes out swinging
Batting: LHB Richard Barlow 0-0: Ball
1-0: Ball
2-0: Called Strike
2-1: Foul Ball, location: 2F
2-2: Fly out, F7 (Flyball, 78S, EV 86.2 MPH)
Batting: LHB Kyung-ryul Kim 0-0: Ground out 4-3 (Groundball, 4M, EV 103.8 MPH)
Top of the 7th over - 0 runs, 0 hits, 0 errors, 0 left on base; Yakima 1 - Irving 7
BOTTOM OF THE 7TH
Irving Blue Sox batting - Pitching for Yakima Hops : RHP Timo Noordam
Batting: RHB Bob Hill 0-0: Swinging Strike
0-1: Ball
1-1: Called Strike
1-2: Ball
2-2: Ball
3-2: Strikes out swinging, 2-3 out at first.
Batting: LHB Rick Newell 0-0: Ball
1-0: Foul Ball, location: 2F
1-1: Foul Ball, location: 2F
1-2: Ball
2-2: Ground out 6-3 (Groundball, 6, EV 106.2 MPH)
Batting: RHB Rubén Plumey 0-0: Swinging Strike
0-1: Ball
1-1: Ball
2-1: Fly out, F8 (Flyball, 8LS, EV 94.4 MPH)
Bottom of the 7th over - 0 runs, 0 hits, 0 errors, 0 left on base; Yakima 1 - Irving 7
TOP OF THE 8TH
Yakima Hops batting - Pitching for Irving Blue Sox : RHP Jim Porter
Batting: LHB Damon Cross 0-0: Ball
1-0: Called Strike
1-1: Ground out 4-3 (Groundball, 4, EV 83.1 MPH)
Batting: LHB Aubrey Curry 0-0: Ball
1-0: Ball
2-0: Ground out 6-3 (Groundball, 6M, EV 80.0 MPH)
Batting: RHB Tim Dickson 0-0: Called Strike
0-1: Ball
1-1: Ball
2-1: Ball
3-1: Ground out 4-3 (Groundball, 4M, EV 83.8 MPH)
Top of the 8th over - 0 runs, 0 hits, 0 errors, 0 left on base; Yakima 1 - Irving 7
BOTTOM OF THE 8TH
Irving Blue Sox batting - Pitching for Yakima Hops : RHP Timo Noordam
Batting: SHB Christopher Tracy 0-0: Called Strike
0-1: Foul Ball, location: 2F
0-2: Ball
1-2: Ball
2-2: Foul Ball, location: 2F
2-2: Ball
3-2: Strikes out swinging
Pitching: LHP Bob Payne
Batting: RHB Martín Muńóz 0-0: Called Strike
0-1: Called Strike
0-2: Ball
1-2: Strikes out swinging
Batting: SHB Alejandro De La Cerdo 0-0: Called Strike
0-1: Ball
1-1: Ball
2-1: Ball
3-1: Called Strike
3-2: Strikes out swinging
Bottom of the 8th over - 0 runs, 0 hits, 0 errors, 0 left on base; Yakima 1 - Irving 7
TOP OF THE 9TH
Yakima Hops batting - Pitching for Irving Blue Sox : RHP Jim Porter
Batting: LHB Alfredo Pliego 0-0: Ball
1-0: Ball
2-0: Ball
3-0: Base on Balls
Batting: LHB Daniel MacBrayne 0-0: Called Strike
0-1: Ball
1-1: Ball
2-1: Called Strike
2-2: Ball
3-2: Foul Ball, location: 2F
3-2: Foul Ball, location: 2F
3-2: Foul Ball, location: 2F
3-2: Base on Balls
Alfredo Pliego to second
Pitching: RHP Jeff Davis
Batting: RHB Miguel Angel Criado 0-0: Grounds into double play, 4-6-3 (Groundball, 4, EV 81.2 MPH)
Alfredo Pliego to third
Batting: LHB Richard Beagle 0-0: Fly out, F7 (Flyball, 7D, EV 104.4 MPH)
Top of the 9th over - 0 runs, 0 hits, 0 errors, 1 left on base; Yakima 1 - Irving 7
Friday, March 26th, 2021 - OOTP Baseball 20.8 Build 74